 Dungeon Crawl Stone Soup version 0.29-a0-486-ga88943ba61 (webtiles) character file.

Game seed: 14456173748827759262

19 Colgate the Sneak (level 2, -4/18 HPs)
             Began as a Kobold Brigand on May 26, 2022.
             Was a Follower of Makhleb.
             Slain by an orc
             ... wielding a +0 flail
              (5 damage)
             ... on level 3 of the Dungeon.
             The game lasted 00:04:58 (1798 turns).

Colgate the Sneak (Kobold Brigand)                  Turns: 1798, Time: 00:04:59

Health: -4/18      AC:  3    Str:  8    XL:     2   Next: 95%
Magic:  2/2        EV: 14    Int: 12    God:    Makhleb [*.....]
Gold:   173        SH:  0    Dex: 16    Spells: 1/1 levels left

rFire   . . .      SeeInvis .   a - +2 dagger
rCold   . . .      Faith    .   (no shield)
rNeg    . . .      Spirit   .   b - +0 robe
rPois   .          Reflect  .   (no helmet)
rElec   .          Harm     .   c - +0 cloak
rCorr   .          Rampage  .   (no gloves)
Will    .....                   (no boots)
Stlth   ++++......              (no amulet)
HPRegen 0.06/turn               (no ring)
MPRegen 0.08/turn               (no ring)

@: no status effects
A: small, no large weapons, nightstalker 3
a: Renounce Religion


You were on level 3 of the Dungeon.
You worshipped Makhleb.
Makhleb was aware of your devotion.
You visited 1 branch of the dungeon, and saw 3 of its levels.

You collected 173 gold pieces.

Inventory:

Hand Weapons
 a - a +2 dagger (weapon)
Missiles
 d - 9 poisoned darts (quivered)
 e - 3 curare-tipped darts
Armour
 b - a +0 robe (worn)
 c - a +0 cloak (worn)
Magical Staves
 g - a staff of conjuration
Scrolls
 i - a scroll of fog {unknown}
 j - a scroll of teleportation {unknown}
 k - 2 scrolls of identify {unknown}
Potions
 f - a potion of lignification {unknown}
 h - a potion of degeneration {unknown}
 l - a potion of attraction {unknown}


   Skills:
 + Level 2.5 Fighting
 - Level 4.0 Short Blades
 - Level 2.1 Throwing
 - Level 1.2 Dodging
 - Level 5.3 Stealth


You had one spell level left.
You didn't know any spells.
Your spell library was empty.

Dungeon Overview and Level Annotations

Branches:
Dungeon (3/15)

Altars:
Makhleb
Sif Muna

Shops:
D:1 =


Innate Abilities, Weirdness & Mutations

You are small and have problems with some larger weapons.
You are completely attuned to the shadows.


Message History

You open the door.
Found 12 gold pieces.
There is an open door here.
You now have 161 gold pieces (gained 12).
Found a robe.
There is a stone staircase leading down here.
You see here a +0 robe.
You see here a frilled lizard skeleton.
Found 17 gold pieces.
You see here a +0 leather armour.
Found 12 gold pieces.
You now have 173 gold pieces (gained 12).
There is a stone staircase leading down here.
You climb downwards.
Found a scroll labelled YFAVER FOUS.
There is a stone staircase leading up here.
k - 2 scrolls labelled YFAVER FOUS (gained 1)
Found a scroll labelled TEOHUA ERUDAV.
An orc comes into view. It is wielding a +0 flail.
The orc shouts!
You hear a shout!
An orc comes into view. It is wielding a +0 short sword.
The orc moves out of view.
The orc attacks as you move away! The orc hits you with a +0 flail.
The orc attacks as you move away! The orc barely misses you.
The orc completely misses you. The orc attacks as you move away!
The orc hits you with a +0 flail. The orc attacks as you move away!
The orc hits you with a +0 flail.
You hit the orc but do no damage. You hit the orc.
The orc hits you with a +0 flail!
* * * LOW HITPOINT WARNING * * *
You hit the orc but do no damage. The orc hits you with a +0 flail.
* * * LOW HITPOINT WARNING * * *
You hit the orc but do no damage. The orc hits you with a +0 flail.
* * * LOW HITPOINT WARNING * * *
You hit the orc but do no damage. The orc closely misses you.
You hit the orc but do no damage. You hit the orc.
The orc hits you with a +0 flail.
* * * LOW HITPOINT WARNING * * *
You hit the orc. The orc hits you with a +0 flail.
You die...

#.....#
#..?..#
#.....#
#.....#
#.....#
#####.# ###
#.# #<#
#.############
#.#
#.#.....o@...#
#.#
#....#######.#
#.# ###### #.#
#.# #.####.#
#......#
#.###### #.#
###


You could see an orc.

Vanquished Creatures
  4 ball pythons
  2 endoplasms (D:1)
  2 hobgoblins (D:1)
  A quokka (D:1)
  A bat (D:1)
  A frilled lizard (D:2)
  2 goblins (D:1)
  2 kobolds (D:1)
  4 rats (D:1)
19 creatures vanquished.

Notes
Turn   | Place    | Note
-------+----------+-------------------------------------------
     0 | D:1      | Colgate the Kobold Brigand began the quest for the Orb.
     0 | D:1      | Reached XP level 1. HP: 12/12 MP: 1/1
   396 | D:1      | Reached XP level 2. HP: 17/17 MP: 2/2
   508 | D:1      | Found Hadux's Jewellery Emporium.
  1245 | D:2      | Found a faded altar of an unknown god.
  1248 | D:2      | Prayed at the altar of an unknown god.
  1248 | D:2      | Became a worshipper of Makhleb the Destroyer
  1248 | D:2      | Reached * piety under Makhleb
  1320 | D:2      | Found a shimmering blue altar of Sif Muna.
  1798 | D:3      | Slain by an orc

Illustrated notes

Levels and vault maps discovered:
D:1:      roderic_octagonal_star, layout_loops_ring, serial_shops, shop,
          st_stairs_2, grunt_decor_resistance, minivault_5, chequers_jeans,
          chequers_serial_rivers_micro_e
D:2:      layout_basic, basic_ecumenical_altar, basic_altar,
          minmay_misc_feat_plants, uniq_crazy_yiuf_cottage
D:3:      layout_basic, uniq_sigmund

Skill      XL: |  1  2 |
---------------+-------+-----
Short Blades   | 3 4 |  4.0
Fighting       | |  2.5
Throwing       | |  2.1
Dodging        | |  1.2
Stealth        | |  5.3

Action                   || total
-------------------------++-------
Melee: Dagger            ||    35
 Stab: Sleeping          ||    14
Armor: Robe              ||     1
Dodge: Dodged            ||    11

Table legend: (Time is in decaauts)
 A = Elapsed time spent in this place.
 B = Non-inter-level travel time spent in this place.
 C = Inter-level travel time spent in this place.
 D = Time resting spent in this place.
 E = Time spent auto-exploring this place.
 F = Levels seen in this place.
 G = Mean time per level.
                   A        B        C        D        E       F      G
               +--------+--------+--------+--------+--------+-----+--------+
         Total |   1791 |   1676 |    115 |    260 |    885 |   3 |  597.0 |
       Dungeon |   1791 |   1676 |    115 |    260 |    885 |   3 |  597.0 |
               +--------+--------+--------+--------+--------+-----+--------+

Top non-repeatable levels by time:
     D:1: 1218 daAuts
     D:2: 524 daAuts
     D:3: 49 daAuts
